 Dungeon Crawl Stone Soup version 0.26-a0-6-g448add79b7 (webtiles) character file.

Game seed: 260068994274343934, levelgen mode: deterministic

163 lazydemon the Covered (level 5, -7/33 HPs)
             Began as a Gargoyle Fighter on May 24, 2020.
             Was a Plaything of Xom.
             Engulfed by a cloud of flame (17 damage)
             ... on level 4 of the Dungeon.
             The game lasted 00:07:54 (3494 turns).

lazydemon the Covered (Gargoyle Fighter)            Turns: 3494, Time: 00:07:55

Health: -7/33      AC: 16    Str: 20    XL:     5   Next: 44%
Magic:  5/5        EV: 23    Int:  9    God:    Xom [....*.]
Gold:   262        SH:  9    Dex:  9    Spells: 4/4 levels left

rFire    . . .     SeeInvis +   s - +0 morningstar
rCold    . . .     Gourm    .   c - +0 kite shield
rNeg     + . .     Faith    .   b - +0 scale mail
rPois    ∞         Spirit   .   r - +0 helmet
rElec    +         Reflect  .   e - +0 cloak
rCorr    .         Harm     .   w - +2 pair of gloves
MR       .....                  (no boots)
Stlth    ..........             q - amulet of the acrobat
HPRegen  0.11/turn              j - ring of see invisible (curse)
MPRegen  0.09/turn              (no ring)

@: acrobat
A: negative energy resistance 1, electricity resistance, unbreathing,
petrification resistance, rot immunity, AC +4
a: Renounce Religion


You were on level 4 of the Dungeon.
You worshipped Xom.
You were a beloved toy of Xom.
You were hungry.

You visited 1 branch of the dungeon, and saw 4 of its levels.

You collected 262 gold pieces.

Inventory:

Hand Weapons
 a - a +0 flail
 s - a +0 morningstar (weapon)
Armour
 b - a +0 scale mail (worn)
 c - a +0 kite shield (worn)
 e - a +0 cloak (worn)
 r - a +0 helmet (worn)
 w - a +2 pair of gloves (worn)
Jewellery
 j - a cursed ring of see invisible (left hand)
 q - an amulet of the acrobat (around neck)
Wands
 t - a wand of polymorph (10)
Scrolls
 g - a scroll of remove curse {unknown}
 h - 2 scrolls of enchant armour {unknown}
 i - 8 scrolls of identify {unknown}
 k - a scroll of noise {unknown}
 p - 3 scrolls of immolation {unknown}
 u - 2 scrolls of magic mapping {unknown}
 v - a scroll of amnesia {unknown}
Potions
 d - a potion of might
 l - a potion of haste {unknown}
 m - a potion of brilliance {unknown}
 n - 3 potions of curing {unknown}
 o - a potion of magic {unknown}
 x - a potion of heal wounds {unknown}
Comestibles
 f - 10 rations


   Skills:
 * Level 3.8 Fighting
 + Level 3.2 Maces & Flails
 * Level 4.4 Armour
 + Level 1.0 Dodging
 + Level 0.3 Stealth
 + Level 4.1 Shields


You had 4 spell levels left.
You didn't know any spells.
Your spell library was empty.

Dungeon Overview and Level Annotations

Branches:
Dungeon (4/15)
 Temple: D:4-7

Altars:
Elyvilon
Xom
Yredelemnul


Innate Abilities, Weirdness & Mutations

You are resistant to torment.
Your stone body is resilient. (AC +4)
You are immune to poison.
You resist negative energy. (rN+)
You are resistant to electric shocks. (rElec)
You can survive without breathing.
You are immune to petrification.
You are immune to rotting.


Message History

You barely miss the orc priest.
The orc priest is engulfed in blazing flames.
You block the orc priest's attack.
The orc priest is engulfed in blazing flames.
You block the orc priest's attack.
You hit the orc priest.
You kill the orc priest!
Your Dodging skill increases to level 1!
You have reached level 5!
The orc priest is engulfed in blazing flames.
You kill the orc priest!
Unknown command.
Things that are here:
a +0 falchion; an orc corpse Your ring of flames is guttering out.
Your ring of flames gutters out.
You are engulfed in blazing flames.
You are engulfed in blazing flames.
Ouch! That really hurt!
You die...

#..........#
#.........#
#.........#
+.........###
#....☼.......
#...○.....#
#####.#####
... #○# ...
########@##
..#
#.........#
#.#
#.........#
#.#
..........#
#.#
#####.#.#.#
#.# #...#...
##.##
##..###..#
#...# #..#
#.# #...#
##.# .#
##...##


There were no monsters in sight!

Vanquished Creatures
  2 orc priests (D:4)
  An adder (D:3)
  2 worms (D:2)
  2 dart slugs (D:1)
  3 leopard geckos
  5 orcs
  6 bats (D:1)
  7 giant cockroaches
  5 goblins
  15 hobgoblins
  8 jackals
  4 kobolds
  2 quokkas (D:2)
  3 frilled lizards
  4 rats
69 creatures vanquished.

Notes
Turn   | Place    | Note
-------+----------+-------------------------------------------
     0 | D:1      | lazydemon the Gargoyle Fighter began the quest for the Orb.
     0 | D:1      | Reached XP level 1. HP: 14/14 MP: 1/1
   219 | D:1      | Reached XP level 2. HP: 13/19 MP: 2/2
   693 | D:1      | Reached XP level 3. HP: 21/23 MP: 3/3
  1409 | D:1      | You fall into a shaft and drop 1 floor!
  1635 | D:2      | Reached XP level 4. HP: 19/28 MP: 4/4
  2644 | D:3      | Found a white marble altar of Elyvilon.
  2654 | D:3      | Found a basalt altar of Yredelemnul.
  2658 | D:3      | Found a shimmering altar of Xom.
  2674 | D:3      | Became a worshipper of Xom of Chaos
  2784 | D:3      | XOM: silly message
  2884 | D:3      | XOM: 2-stop teleportation journey
  3082 | D:3      | XOM: scenery: 1 doors open
  3205 | D:3      | XOM: god gift: ration
  3334 | D:3      | XOM: divination: detect items
  3467 | D:4      | XOM: cast spell 'Ring of Flames'
  3476 | D:4      | Reached skill level 1 in Dodging
  3476 | D:4      | Reached XP level 5. HP: 23/33 MP: 5/5
  3494 | D:4      | Engulfed by a cloud of flame

Illustrated notes

Levels and vault maps discovered:
D:1:      dpeg_arrival_boxes_within_box, layout_basic
D:2:      layout_basic, first_ration, guppyfry_early_orc_mine
D:3:      layout_loops_corners, grunt_temple_overflow_open, lemuel_crystal_altar
D:4:      minmay_general_purpose_star, layout_rooms,
          nicolae_ru_the_path_less_chosen, dk_noncrumbling_3

Skill      XL: |  1  2  3  4 |
---------------+-------------+-----
Armour         | 4 |  4.4
Shields        | 4 |  4.1
Maces & Flails | 3 |  3.2
Dodging        | 1 |  1.0
Fighting       | |  3.8
Stealth        | |  0.3

Action                   |  1- 3 |  4- 6 || total
-------------------------+-------+-------++-------
Melee: Flail             |   230 |    80 ||   310
       Morningstar       |       |     2 ||     2
  Eat: Chunk             |     3 |     5 ||     8
Armor: Scale mail        |   164 |    30 ||   194
Dodge: Dodged            |    96 |    24 ||   120
Block: Kite shield       |   150 |    30 ||   180

Table legend:
 A = Non-vault XP
 B = Vault XP
 C = Vault XP percentage of total XP
 D = Non-vault monster count
 E = Vault monster count
 F = Vault count percentage of total count
                 A         B        C        D         E       F
            +---------+---------+-------+---------+---------+-------
      Total |     212 |      21 |   9.0 |      60 |       9 |  13.0
            +---------+---------+-------+---------+---------+-------
        D:1 |      67 |       0 |   0.0 |      35 |       0 |   0.0
        D:2 |      22 |      16 |  42.1 |       8 |       7 |  46.7
        D:3 |      37 |       0 |   0.0 |      14 |       0 |   0.0
        D:4 |      86 |       5 |   5.5 |       3 |       2 |  40.0
            +---------+---------+-------+---------+---------+-------
